 Dungeon Crawl Stone Soup version 0.21.1-1-g345015fe64 (webtiles) character file.

123 JOKERXD40 the Chopper (level 5, -18/47 HPs)
             Began as a Hill Orc Monk on June 20, 2018.
             Killed from afar by a white imp (22 damage)
             ... with a puff of frost
             ... summoned by Natasha
             ... on level 2 of the Dungeon.
             The game lasted 00:03:36 (1431 turns).

JOKERXD40 the Chopper (Hill Orc Monk)               Turns: 1431, Time: 00:03:37

Health: -18/47     AC:  5    Str: 15    XL:     5   Next: 7%
Magic:  5/5        EV: 11    Int: 10    God:
Gold:   117        SH:  0    Dex: 13    Spells: 4/4 levels left

rFire    + . .     SeeInvis .   a - +0 hand axe
rCold    x . .     Gourm    .   (no shield)
rNeg     . . .     Faith    .   d - +0 ring mail
rPois    .         Spirit   .   (no helmet)
rElec    .         Reflect  .   (no cloak)
rCorr    .         Harm     .   (no gloves)
MR       .....                  (no boots)
Stlth    +.........             (no amulet)
HPRegen  0.15/turn              g - ring of fire
MPRegen  0.09/turn              (no ring)

@: about to teleport
A: no striking features
a: no special abilities


You were on level 2 of the Dungeon.
You were not hungry.

You visited 1 branch of the dungeon, and saw 2 of its levels.

You collected 117 gold pieces.

Inventory:

Hand Weapons
 a - a +0 hand axe (weapon)
Armour
 d - a +0 ring mail (worn)
Jewellery
 g - a ring of fire (left hand)
Scrolls
 b - a scroll of noise {unknown}
 i - 2 scrolls of remove curse
 l - a scroll of immolation {unknown}
 m - a scroll of magic mapping {unknown}
 o - a scroll of identify
Potions
 e - 2 potions of brilliance {unknown}
 f - 2 potions of heal wounds {unknown}
 h - 3 potions of cancellation
 j - a potion of invisibility {unknown}
 k - a potion of degeneration {unknown}
Comestibles
 c - 9 rations


   Skills:
 + Level 4.7 Fighting
 + Level 5.5 Axes
 + Level 1.7 Armour
 + Level 2.8 Dodging
 + Level 1.8 Stealth


You had 4 spell levels left.
You didn't know any spells.

Dungeon Overview and Level Annotations

Branches:
Dungeon (2/15)

Altars:
Dithmenos

Annotations:
D:2 Natasha


Message History

The puff of frost hits you!
You feel a terrible chill!
You hit Natasha but do no damage.
Natasha is moderately wounded.
You hit the white imp. You miss the crimson imp.
Natasha stares at you and mumbles some strange words.
The magic dart hits you! The crimson imp hits you.
* * * LOW HITPOINT WARNING * * *
The white imp hits you.
* * * LOW HITPOINT WARNING * * *
The white imp freezes you.
You feel a terrible chill!
* * * LOW HITPOINT WARNING * * *
As you read the scroll labeled ASOEBAKLIV, it crumbles to dust.
You feel strangely unstable.
It was a scroll of teleportation.
Natasha stares at you and mumbles some strange words.
The magic dart hits you!
* * * LOW HITPOINT WARNING * * *
The crimson imp hits you but does no damage.
The white imp gestures at you. The puff of frost hits you!
You feel a terrible chill!
You die...

.. ###....##########
.... #...........#
.... #...........#
.... #...........#
.... #...........#
....
#########...........#
....
#...................#
....
#....h..>...........#
....
#.....@5...##########
.... #.....5....#
.... #.)........#
.... #..........#
#### #..........#
#..........#
#..........#
#..........#
##########


You could see Natasha, a crimson imp and a white imp.

Vanquished Creatures
  A bullfrog zombie (D:2)
  A worker ant (D:2)
  A gnoll (D:1)
  2 adders (D:2)
  An ooze (D:1)
  2 dart slugs (D:1)
  A leopard gecko (D:2)
  A giant cockroach (D:1)
  9 hobgoblins
  3 ball pythons
  2 bats (D:1)
  2 frilled lizards (D:1)
  5 goblins
  6 kobolds
  2 rats
39 creatures vanquished.

Notes
Turn   | Place    | Note
-------+----------+-------------------------------------------
     0 | D:1      | JOKERXD40 the Hill Orc Monk began the quest for the Orb.
     0 | D:1      | Reached XP level 1. HP: 19/19 MP: 1/1
    97 | D:1      | Reached XP level 2. HP: 27/27 MP: 2/2
   371 | D:1      | Reached XP level 3. HP: 26/34 MP: 3/3
   875 | D:2      | Reached skill level 5 in Axes
   875 | D:2      | Reached skill level 1 in Armour
   875 | D:2      | Reached XP level 4. HP: 18/41 MP: 4/4
  1157 | D:2      | Found a shadowy altar of Dithmenos.
  1169 | D:2      | Reached XP level 5. HP: 46/47 MP: 5/5
  1419 | D:2      | Noticed Natasha
  1431 | D:2      | Killed from afar by a white imp

Skill      XL: |  1  2  3 |
---------------+----------+-----
Fighting       | 4 |  4.7
Axes           | 5 |  5.5
Armour         | 1 |  1.7
Dodging        | |  2.8
Stealth        | |  1.8

Action                   |  1- 3 |  4- 6 || total
-------------------------+-------+-------++-------
Melee: Hand axe          |    96 |    51 ||   147
  Use: Scroll            |       |     3 ||     3
 Stab: Sleeping          |     2 |     1 ||     3
  Eat: Chunk             |       |     2 ||     2
Armor: Ring mail         |    30 |    13 ||    43
Dodge: Dodged            |    71 |    33 ||   104
